[Event "*** Titled Tuesday Blitz"]
[Site "Chess.com"]
[Date "2020.02.04"]
[Round "3"]
[White "MFBerna"]
[Black "vovachesss"]
[Result "0-1"]
[WhiteElo "2344"]
[BlackElo "2568"]
[TimeControl "180+2"]
[EndTime "13:39:22 PST"]
[Termination "vovachesss won by resignation"]

1. d4 e5 2. dxe5 d6 3. e4 Nc6 4. Nf3 Bg4 5. Bb5 Bxf3 6. Qxf3 dxe5 7. O-O Bd6 8. Rd1 Ne7 9. Nd2 O-O 10. c3 a6 11. Ba4 b5 12. Bb3 Kh8 13. Nf1 f5 14. exf5 Rxf5 15. Qh3 Qe8 16. Ng3 Rf8 17. Bc2 Ng6 18. Ne4 Be7 19. Bg5 h6 20. Bxh6 gxh6 21. Qxh6+ Kg8 22. Ng5 Bxg5 23. Qxg5 Ne7 24. Qh6 c5 25.
Rd6 Qf7 26. f3 Qg7 27. Rxg6 Nxg6 28. Qxg6 Qxg6 29. Bxg6 Rad8 30. Re1 Kg7 31. Be4 Rd2 32. b4 cxb4 33. cxb4 Rxa2 34. Rc1 Rb2 35. Rc7+ Rf7 36.
Rc6 Rf6 37. Rc7+ Kf8 38. Rc8+ Ke7 39. Rc7+ Kd8 40. Rc5 Rd6 41. h4 Rxb4 42. h5 a5 43. h6 Rxh6 44. Kf2 a4 45. Bf5 a3 46. Rc8+ Ke7 47. Ra8 Ra4 48. Rxa4 bxa4 49. Bb1 Rb6 0-1

[Event "*** Titled Tuesday Blitz"]
[Site "Chess.com"]
[Date "2020.02.04"]
[Round "3"]
[White "comsac"]
[Black "KerryStead"]
[Result "1/2-1/2"]
[WhiteElo "2345"]
[BlackElo "2083"]
[TimeControl "180+2"]
[EndTime "13:39:23 PST"]
[Termination "Game drawn by agreement"]

1. e4 e5 2. Nf3 d5 3. Nc3 d4 4.
Ne2 f6 5. Ng3 c5 6. Bc4 Bd6 7.
c3 Ne7 8. cxd4 cxd4 9. d3 Nbc6 10. O-O a6 11. Bb3 b5 12. Bd2 Na5 13. Rc1 Nxb3 14. Qxb3 Qd7 15. Nh4 Qe6 16. f4 Qxb3 17. axb3 Be6 18.
fxe5 fxe5 19. Nhf5 Nxf5 20. Nxf5 Bxf5 21. Rxf5 Rf8 22. Rxf8+ Kxf8 23. Rc6 Ke7 24. Ba5 Kd7 25. Rb6 Ra7 26. b4 Bc7 27. Kf2 Bxb6 28. Bxb6 Rb7 29. Bc5 Ke6 30. Ke2 Rf7 31. Bb6 g5 32. Bd8 g4 33. Bh4 Kd6 34. Be1 Kc6 35. Bd2 Kb6 36. Be1 Rc7 37. Kd1 h5 38. Bd2 Rf7 39. Ke2 Kc6 40.
Be1 Kd6 41. Bd2 Ke6 42. Be1 Rc7 43. Kd1 Kf6 44. Bh4+ Ke6 45. Be1 Rf7 46. Ke2 Kf6 47.
Bh4+ Kg6 48. Be1 Kg5 49. Bd2+ Kg6 50. Be1 Rc7 51. Kd1 Rh7 52. Bg3 Kf6 53. Bh4+ Ke6 54. Be1 h4 55. Ke2 h3 56. g3 Rf7 57.
Bd2 Rf3 58. Be1 Kd6 59. Bd2 Kc6 60. Be1 Re3+ 61. Kd2 Kb6 62. Bf2 Rf3 63. Ke2 a5 64. Be1 Re3+ 65. Kd2 axb4 66. b3 Kc5 67. Bf2 Rf3 68.
Ke2 Kc6 69. Be1 Re3+ 70. Kd2 Kd6 71. Bf2 Rf3 72. Ke2 Ke6 73. Be1 Re3+ 74. Kd2 Rxe1 75. Kxe1 Kd6 76. Kd2 1/2-1/2

[Event "*** Titled Tuesday Blitz"]
[Site "Chess.com"]
[Date "2020.02.04"]
[Round "3"]
[White "mishanick"]
[Black "ShahMatKanal"]
[Result "1-0"]
[WhiteElo "2998"]
[BlackElo "2514"]
[TimeControl "180+2"]
[EndTime "13:39:26 PST"]
[Termination "mishanick won on time"]

1. d4 d5 2. c4 e6 3. Nf3 Nf6 4. Nc3 Nbd7 5. Bf4 dxc4 6. e3 Nb6 7. Bxc4 Nxc4 8. Qa4+ Bd7 9. Qxc4 Bc6 10. Ne5 Bxg2 11. Rg1 Bd5 12. Qb5+ Ke7 13. Rc1 Rc8 14. Qb4+ Ke8 15. Qb5+ Ke7 16. Qb4+ Ke8 17. Qa4+ c6 18. Qxa7 Qe7 19. a3 h6 20. Qb6 g5 21. Bg3 Bg7 22. f3 Nh5 23. e4 Nxg3 24. hxg3 Bxe5 25. dxe5 Bc4 26. Rd1 Rd8 27. Kf2 Rxd1 28. Rxd1 Kf8 29. Qd8+ Qxd8 30. Rxd8+ Kg7 31. Rd7 Rb8 32. Ke3 Kf8 33.
Kd4 Ke8 34. Rc7 Ba6 35. Kc5 Rd8 36. f4 gxf4 37. gxf4 Rd7 38. Rc8+ Rd8 39. Rc7 Rd7 40. Kb6 Rxc7 41. Kxc7 h5 42. Nd1 h4 43. Nf2 Ke7 44.
b4 f6 45. exf6+ Kxf6 46. a4 e5 47. f5 Kg5 48. a5 Kf6 49. Kb8 Ke7 50. Ka7 Kf6 51.
Kb6 Ke7 52. Kc7 Kf6 53. Ng4+ Kg5 54. Nxe5 h3 55. Nf3+ Kf4 56. f6 Bc4 57. Nh2 Kg3 58. e5 Kxh2 59. Kxb7 Kg1 60. a6 h2 61. a7 Bd5 62. a8=Q c5+ 63. Kb6 Bxa8 64. f7 h1=Q 65. f8=Q Qc6+ 66. Ka5 c4 67. Qg7+ Kf2 68. b5 Qc5 69.
Qf6+ Ke3 70. e6 Qa3+ 71. Kb6 Be4 72. e7 Qa8 73. Qf8 Qb7+ 74. Kc5 Qc7+ 75. Kb4 c3 76. e8=Q c2 77. Qh6+ Kd3 78. Qh3+ Kd4 79. Qeh8+ Kd5 80. Q3h5+ Ke6 81. Q8e8+ 1-0

[Event "*** Titled Tuesday Blitz"]
[Site "Chess.com"]
[Date "2020.02.04"]
[Round "3"]
[White "Abund"]
[Black "2nd_life"]
[Result "1-0"]
[WhiteElo "2725"]
[BlackElo "2481"]
[TimeControl "180+2"]
[EndTime "13:39:26 PST"]
[Termination "Abund won by resignation"]

1. Nf3 Nf6 2. c4 g6 3. Nc3 Bg7 4. e4 O-O 5. d4 d6 6. Bd3 Nc6 7. d5 Nb4 8. Bb1 a5 9. O-O Bg4 10. h3 Bxf3 11. Qxf3 Nd7 12. a3 Na6 13.
b3 e6 14. dxe6 fxe6 15. Qe3 Rf7 16. Bd2 Qf6 17. Bc2 Raf8 18. Rab1 Qd4 19. Nb5 Qxe3 20. Bxe3 Ne5 21. Nd4 Re7 22. f4 Nd7 23. Nb5 Bh6 24.
g3 e5 25. Rbe1 Ndc5 26. Bd2 Ne6 27. Bxa5 exf4 28. Bd2 Bg5 29. h4 Bh6 30. b4 Kg7 31. Bc3+ Kg8 32. Bd2 Kg7 33. g4 g5 34. Nc3 gxh4 35.
Nd5 Ref7 36. e5 dxe5 37. Rxe5 Nd4 38.
Bd3 Kh8 39. g5 Bg7 40. Re4 f3 41. Kf2 Ne2 42. Rxh4 Bd4+ 43. Rxd4 Nxd4 44. Bc3 c5 45. bxc5 1-0

[Event "*** Titled Tuesday Blitz"]
[Site "Chess.com"]
[Date "2020.02.04"]
[Round "3"]
[White "guillembaches"]
[Black "Astaneh"]
[Result "1-0"]
[WhiteElo "2388"]
[BlackElo "2544"]
[TimeControl "180+2"]
[EndTime "13:39:28 PST"]
[Termination "guillembaches won on time"]

1. e4 e5 2. Nf3 Nc6 3. Nc3 Nf6 4. d4 exd4 5. Nxd4 Bb4 6. Nxc6 bxc6 7. Bd3 d5 8. Bd2 O-O 9. O-O Re8 10. Re1 Bg4 11. f3 Bh5 12. Nxd5 Nxd5 13. exd5 Bc5+ 14. Kh1 cxd5 15.
Rxe8+ Qxe8 16. Qe2 Qd7 17. Re1 c6 18. b4 Bd6 19.
Bc3 Qc7 20. Be5 Re8 21. Bxd6 Rxe2 22. Rxe2 Qd8 23. Be7 Qd7 24. Bc5 Bg6 25. Re7 Qd8 26. Rxa7 Bxd3 27. cxd3 h5 28. Re7 Qa8 29. Ra7 Qb8 30.
a4 h4 31. h3 Qe5 32. a5 d4 33.
a6 Qe1+ 34. Kh2 Qg3+ 35. Kg1 Qe1+ 36. Kh2 Qa1 37. Ra8+ Kh7 38. a7 Kg6 39. Re8 Qc1 40. Re4 Qa3 41. Re8 Qc1 42. Bd6 f6 43. a8=Q 1-0

[Event "*** Titled Tuesday Blitz"]
[Site "Chess.com"]
[Date "2020.02.04"]
[Round "3"]
[White "maciek_92"]
[Black "Roman_Ovetchkin"]
[Result "0-1"]
[WhiteElo "2846"]
[BlackElo "2700"]
[TimeControl "180+2"]
[EndTime "13:39:29 PST"]
[Termination "Roman_Ovetchkin won by resignation"]

1. e4 c6 2. d4 d5 3. e5 Bf5 4. Nf3 e6 5. Be2 Nd7 6. O-O Bg6 7. a4 a5 8. Nbd2 Nh6 9. Nb3 Nf5 10. Bd2 Be7 11.
Rc1 O-O 12. Qe1 b6 13. c4 Rc8 14. c5 bxc5 15. Bxa5 Qe8 16. Nxc5 Nxd4 17. Nxd4 Nxc5 18. Qd1 Nb7 19. Bb6 Bb4 20. Qb3 c5 21. Bb5 Qe7 22. Nc6 Rxc6 23. Bxc6 c4 24. Qe3 Na5 25. Bb5 Nb3 26.
Rcd1 Bc2 27. g3 Rb8 28. h4 h6 29. Kh2 Bxd1 30. Rxd1 Bc5 31. Bxc5 Nxc5 32. Qa3 Qc7 33. Rc1 Rb7 34. Qe3 Nd3 35. Rc3 Nxe5 36. Kg1 Nd3 37. b3 Qa5 38. Qd2 Nc5 39. Qd4 Nxb3 40. Qe5 Qc7 41.
Qh5 Qe7 42. Rf3 Rc7 43. Rc3 Qf6 44. Rc2 Nd4 45. Ra2 Ra7 46. Rd2 Nf3+ 47. Kg2 Nxd2 0-1

[Event "*** Titled Tuesday Blitz"]
[Site "Chess.com"]
[Date "2020.02.04"]
[Round "3"]
[White "stoleriu"]
[Black "hanzo_hasashi1"]
[Result "0-1"]
[WhiteElo "2499"]
[BlackElo "2905"]
[TimeControl "180+2"]
[EndTime "13:39:33 PST"]
[Termination "hanzo_hasashi1 won by resignation"]

1. e4 c5 2. Nc3 Nc6 3. Bb5 Nd4 4. Bc4 e6 5. Nge2 Ne7 6. Nxd4 cxd4 7. Ne2 Nc6 8. d3 a6 9. Bb3 b5 10. O-O Bb7 11. f4 Bc5 12. f5 Qe7 13. Nf4 O-O-O 14. Nh5 g6 15. f6 Qd6 16. Nf4 Qc7 17. Kh1 Bd6 18. c3 Be5 19. a4 dxc3 20. axb5 axb5 21. bxc3 Bxc3 22. Rb1 Bd4 23. Bb2 Bxb2 24. Rxb2 Qe5 25. Rc2 Kb8 26. Ne2 Rc8 27. Qd2 Nd4 28. Nxd4 Qxd4 29. Qf4+ Ka7 30. Ra2+ Kb6 31. h3 Rc3 32. Bd5 exd5 33. Qd6+ Rc6 34. Qxd7 Qxd3 35. Rfa1 Qxe4 36. Ra7 Rb8 37. Rxb7+ Rxb7 38. Qd8+ Rbc7 39. Qb8+ Kc5 40. Rc1+ Kd4 41. Rd1+ Ke5 42. Qe8+ Kxf6 43. Qh8+ Kg5 44. Qd8+ Kh6 45. Qf8+ Kg5 46. Qc8 0-1

[Event "*** Titled Tuesday Blitz"]
[Site "Chess.com"]
[Date "2020.02.04"]
[Round "3"]
[White "allvim"]
[Black "AliKa2810"]
[Result "0-1"]
[WhiteElo "2426"]
[BlackElo "2627"]
[TimeControl "180+2"]
[EndTime "13:39:36 PST"]
[Termination "AliKa2810 won by checkmate"]

1. d4 Nf6 2. c4 g6 3. Nc3 Bg7 4. Nf3 O-O 5. h3 d5 6. Bf4 c5 7. e3 cxd4 8. Nxd4 Nc6 9. Nxc6 bxc6 10. Be2 Re8 11. O-O e5 12. Bg5 Be6 13. Qa4 h6 14. Bh4 g5 15. Bg3 d4 16. Nd1 Ne4 17. Qxc6 Nxg3 18.
fxg3 d3 19. Bf3 Rc8 20. Qb7 Rc7 21. Qb4 Rxc4 22. Qa3 e4 23. Bg4 Bxg4 24. hxg4 Qc7 25. Nc3 Bxc3 26. bxc3 Rxc3 27. Qa4 Re6 28. Qd4 Rc2 29.
Rab1 Rc4 30. Qd5 Rcc6 31. Kh2 Qd6 32. Qf5 Rc7 33. Rb8+ Kg7 34. Rb5 Rf6 35. Qxe4 Rxf1 36. Rd5 Qe6 37. Qxd3 Rf6 38. Rd8 Re7 39. Qd4 Re8 40.
Rd7 Qxe3 41. Qb2 Qe5 42. Qb7 Ree6 43. Qxa7 Rf1 44. a4 Ref6 45. a5 Qa1 46. Re7 Rh1# 0-1

[Event "*** Titled Tuesday Blitz"]
[Site "Chess.com"]
[Date "2020.02.04"]
[Round "3"]
[White "mortngabriel"]
[Black "Gusarov91"]
[Result "0-1"]
[WhiteElo "2423"]
[BlackElo "2622"]
[TimeControl "180+2"]
[EndTime "13:39:39 PST"]
[Termination "Gusarov91 won on time"]

1. e4 c5 2. Nf3 d6 3. Bb5+ Bd7 4. Bxd7+ Qxd7 5. c4 Nc6 6. d4 cxd4 7. Nxd4 g6 8. Nc3 Bg7 9. Be3 Nf6 10. f3 Nxd4 11.
Bxd4 O-O 12. Rc1 Rfc8 13. b3 b6 14. O-O Qb7 15. Qd3 Qa6 16. Rfd1 Rc6 17. a4 Rac8 18. Bxf6 Bxf6 19. Nd5 Kg7 20. Nb4 Qa5 21. Nxc6 Rxc6 22. g3 Qc5+ 23. Kg2 Rc7 24. Qd5 Qa3 25. Qd3 h5 26. f4 Rc5 27. Rc2 a6 28. Re2 b5 29.
axb5 axb5 30. cxb5 Qb4 31. Rde1 Rc3 32. Qd2 h4 33. e5 dxe5 34. fxe5 Bxe5 35. Qd5 Rc5 36. Qd3 Bf6 37. Re4 Qa3 38. Rc4 Rxb5 39. Ra4 Qc5 40. Rc4 Qb6 41. Rb1 hxg3 42. hxg3 Qb7+ 43. Qf3 Qd7 44. b4 Qd2+ 45. Qf2 Qd3 46. Rbc1 Qd5+ 47. Qf3 Qd6 48. Qe4 Qd2+ 49. Kg1 Rh5 50. R4c2 Qd6 51. Kg2 Re5 52. Qf3 Qxb4 53. Rc4 Qb2+ 54. R1c2 Qa1 55.
Rc1 Qa5 56. R4c2 Rf5 57. Qe3 Qa8+ 58. Kg1 Bg5 59. Qd4+ e5 60. Rc8 exd4 0-1

[Event "*** Titled Tuesday Blitz"]
[Site "Chess.com"]
[Date "2020.02.04"]
[Round "3"]
[White "Sibelephant"]
[Black "EugeneRougon"]
[Result "1-0"]
[WhiteElo "3067"]
[BlackElo "2737"]
[TimeControl "180+2"]
[EndTime "13:39:45 PST"]
[Termination "Sibelephant won by resignation"]

1. Nf3 d5 2. e3 Nf6 3. c4 c6 4. Nc3 e6 5. d4 Nbd7 6. Qc2 Bd6 7. b3 b6 8. Be2 Bb7 9. O-O O-O 10. Bb2 Qe7 11. Rad1 Rfe8 12. Rfe1 Rac8 13. Qb1 dxc4 14. bxc4 c5 15. d5 exd5 16. Nxd5 Bxd5 17. cxd5 c4 18. Nd4 c3 19. Nc6 Qe4 20. Qxe4 Nxe4 21. Ba1 Ba3 22. Bd3 Ndc5 23. Bc2 Bb2 24. Bxb2 cxb2 25. Rb1 Nc3 26. Rxb2 Nxd5 27. Nxa7 Rc7 28. Nb5 Rd7 29. g3 g6 30. Rd1 Red8 31. Nd4 f5 32. Nc6 Rc8 33. Rxd5 Rxc6 34. Rxd7 Nxd7 35. Ba4 Rc1+ 36. Kg2 Nc5 37. Bb5 Ne4 38. Bd3 Nc5 39. Be2 Ne4 40. Bf3 Rc6 41.
Rb4 Re6 42. Bxe4 fxe4 43. h4 h5 44. g4 hxg4 45. Kg3 Kg7 46. Kxg4 Rf6 47. Kg3 Re6 48. a4 Kh6 49. Rb5 Rf6 50. Re5 Rc6 51. Rxe4 Rc1 52.
Rb4 Rc6 53. f3 Kg7 54. e4 Kf6 55. Rb5 Ke6 56. Kg4 Kf6 57. f4 Kg7 58. Kg5 Kf7 59.
a5 bxa5 60. Rxa5 Rc4 61. Ra7+ Kf8 62. e5 1-0

[Event "*** Titled Tuesday Blitz"]
[Site "Chess.com"]
[Date "2020.02.04"]
[Round "3"]
[White "GMKrikor"]
[Black "Grandelicious"]
[Result "0-1"]
[WhiteElo "2806"]
[BlackElo "2671"]
[TimeControl "180+2"]
[EndTime "13:39:46 PST"]
[Termination "Grandelicious won by resignation"]

1. Nf3 c5 2. c4 Nf6 3. Nc3 e6 4. g3 b6 5. Bg2 Bb7 6. O-O Be7 7. Re1 Ne4 8. Nxe4 Bxe4 9. d3 Bb7 10. e4 Nc6 11. d4 Nxd4 12. Nxd4 cxd4 13. Qxd4 O-O 14. Bf4 Bc5 15. Qd2 d6 16. Rad1 e5 17. Be3 Qf6 18. b4 Bxe3 19. Rxe3 Rac8 20. Rc3 Rfd8 21. h4 Qe6 22. Kh2 Rc7 23. a3 g6 24. Qg5 f6 25.
Qh6 Rxc4 26. Rxc4 Qxc4 27. Rc1 Qf7 28. Bh3 d5 29. exd5 Qxd5 30. h5 Qf3 31. Rf1 Qxh5 32.
Qxh5 gxh5 33. Rc1 Rd2 34. Be6+ Kf8 35. Rc7 Rxf2+ 36. Kg1 Rg2+ 37. Kf1 Bf3 38. Rf7+ Ke8 39. Rxf6 e4 40. Rh6 Ke7 41. Bd5 Rd2 42. Bc6 Rd6 43. Rxh7+ Kf6 44. b5 Ke5 45. Re7+ Kd4 46. Kf2 Rf6 47.
Ke1 Ke3 48. Rd7 Bg2 0-1

[Event "*** Titled Tuesday Blitz"]
[Site "Chess.com"]
[Date "2020.02.04"]
[Round "3"]
[White "Snegokhod"]
[Black "SCIM"]
[Result "1/2-1/2"]
[WhiteElo "2629"]
[BlackElo "2449"]
[TimeControl "180+2"]
[EndTime "13:39:54 PST"]
[Termination "Game drawn by stalemate"]

1. e4 e5 2. Nf3 Nc6 3. Bb5 a6 4.
Bxc6 dxc6 5. Nc3 Bg4 6. h3 Bh5 7. g4 Bg6 8. Nxe5 Bd6 9. Nxg6 hxg6 10. d4 Qh4 11. e5 Bb4 12. Be3 O-O-O 13. Qf3 c5 14.
O-O-O Bxc3 15. bxc3 Ne7 16. Qxf7 Nd5 17. Qxg6 Nxc3 18.
Bg5 Qxf2 19. Bxd8 Rxd8 20. Qf5+ Qxf5 21. gxf5 Nxd1 22. Rxd1 cxd4 23. Rg1 Rd5 24. Rxg7 Rxe5 25. f6 Rf5 26. f7 Kd8 27. h4 Ke7 28. f8=Q+ Kxf8 29. Rxc7 Rb5 30. Kd2 Rb2 31. a3 b5 32. Ra7 Ra2 33.
Rxa6 b4 34. Rd6 b3 35. Rxd4 Rxc2+ 36. Kd3 Rh2 37. Kc3 b2 38. Rb4 Rxh4 39. Rxb2 Ke7 40. Rd2 Rh6 41. Kb4 Rd6 42. Rh2 Kd7 43. a4 Kc7 44. Kb5 Kb8 45. Rh8+ Ka7 46. Rh7+ Ka8 47. a5 Rg6 48. Rd7 Rf6 49. Rc7 Rg6 50. Rc5 Rf6 51.
a6 Rg6 52. Ka5 Rf6 53. Re5 Ka7 54. Re7+ Ka8 55. Rb7 Rxa6+ 56. Kxa6 1/2-1/2

[Event "*** Titled Tuesday Blitz"]
[Site "Chess.com"]
[Date "2020.02.04"]
[Round "3"]
[White "Ceejay271"]
[Black "SlavenPastar"]
[Result "0-1"]
[WhiteElo "2279"]
[BlackElo "2490"]
[TimeControl "180+2"]
[EndTime "13:39:55 PST"]
[Termination "SlavenPastar won by resignation"]

1. d4 d5 2. c4 dxc4 3. Nf3 Nf6 4. e3 Bg4 5. Bxc4 e6 6. Nc3 Nc6 7. h3 Bh5 8. O-O Bd6 9. Be2 O-O 10. b3 Nd5 11. Bb2 f5 12. Rc1 Qe7 13. Nb5 Rac8 14.
Ne5 Bxe5 15. dxe5 Bxe2 16. Qxe2 a6 17. Nc3 Nxe5 18. Nxd5 exd5 19. Qd2 c6 20. Qd4 Rce8 21. a4 Rf6 22. b4 Rg6 23. Kh1 Qg5 24. Rg1 Nc4 25. Ba1 Re4 26. Qa7 Qe7 27. Qb8+ Kf7 28. b5 axb5 29. axb5 cxb5 30. Rgd1 Qg5 31. Qxb7+ Kf8 32.
Rg1 f4 33. exf4 Rxf4 34. Qb8+ Kf7 35. Qxb5 Kg8 36. Rcd1 Rf5 37. Qe8+ Rf8 38. Qd7 Rd6 39. Qb7 h6 40. Bd4 Rg6 41. Bc5 Rf5 42. Qc8+ Kh7 43.
Qd7 Qh5 44. Rd3 Ne5 45. g4 Nxd7 46. gxh5 Rxg1+ 47. Kxg1 Nxc5 48. Rc3 Ne4 49. Rd3 Rxh5 50. f3 Nf6 51. Kg2 Rg5+ 52. Kf2 Rf5 53. Rd4 Ne4+ 54. Ke3 Ng5 55. h4 Nxf3 0-1

[Event "*** Titled Tuesday Blitz"]
[Site "Chess.com"]
[Date "2020.02.04"]
[Round "3"]
[White "Rodalquilar"]
[Black "kacprekt"]
[Result "1-0"]
[WhiteElo "2670"]
[BlackElo "2393"]
[TimeControl "180+2"]
[EndTime "13:39:56 PST"]
[Termination "Rodalquilar won by resignation"]

1. d4 Nf6 2. Bf4 c5 3. e3 cxd4 4. exd4 d5 5. Nf3 Nc6 6. Nbd2 Bg4 7. c3 e6 8. Qb3 Qc8 9. a4 Be7 10. a5 O-O 11. a6 b6 12. Bb5 Rd8 13. Qa4 Nb8 14. Ne5 Bh5 15. Nc6 Nxc6 16. Bxc6 Rb8 17. Bxb8 Qxb8 18. O-O Ng4 19. Nf3 Bd6 20. h3 Nf6 21.
Nd2 Bf4 22. Qc2 Bg6 23. Qd1 Bh5 24. Nf3 Ne4 25. Bb5 Nd2 26. Be2 Nxf1 27. Kxf1 Bxf3 28.
Bxf3 Qd6 29. Be2 Bg5 30. Bd3 g6 31. g3 h5 32. Kg2 h4 33. Qe2 hxg3 34. fxg3 Kg7 35.
Rf1 f5 36. h4 Bf6 37. h5 g5 38. g4 f4 39. Bc2 e5 40. h6+ Kh8 41. dxe5 Qxe5 42.
Qxe5 Bxe5 43. Re1 Re8 44. Bg6 Re6 45. Bf5 Re7 46. Rd1 d4 47. cxd4 Bd6 48. Rc1 Rc7 49. Rxc7 Bxc7 50. Kf3 Bd6 51. Ke4 Bf8 52. Kd5 f3 53.
Kc6 f2 54. Bd3 Bxh6 55. Kb7 Bg7 56. d5 b5 57. Kxa7 Bxb2 58. Kb7 Bd4 59. d6 Kg7 60. d7 1-0

[Event "*** Titled Tuesday Blitz"]
[Site "Chess.com"]
[Date "2020.02.04"]
[Round "3"]
[White "masterofpuppets2"]
[Black "Vuk2000"]
[Result "0-1"]
[WhiteElo "2468"]
[BlackElo "2683"]
[TimeControl "180+2"]
[EndTime "13:39:56 PST"]
[Termination "Vuk2000 won by resignation"]

1. d4 Nf6 2. c4 e6 3. Nf3 b6 4. g3 Ba6 5. Qc2 Bb7 6. Bg2 c5 7. O-O cxd4 8. Nxd4 Bxg2 9. Kxg2 Qc8 10. b3 Be7 11. Bb2 O-O 12. e4 Qb7 13. f3 Rc8 14. Qe2 Nc6 15. Nd2 Bc5 16. Nb5 a6 17. Na3 Nd4 18. Qd3 b5 19. Bxd4 Bxa3 20. e5 Ne8 21.
Ne4 bxc4 22. bxc4 Qb4 23. c5 Qa4 24. Rab1 Rcb8 25. Rb3 Rxb3 26. axb3 Qb5 27. Qxb5 axb5 28. Ra1 Nc7 29. Kf2 h6 30. h4 Kh7 31. Nd6 Bxc5 32.
Rd1 Bxd6 33. exd6 Ra2+ 34. Ke3 Nd5+ 35. Ke4 Ra6 36. Be5 f6 37. Bb2 Rxd6 38. Rc1 Ra6 39. Rc5 Ra2 40. Bd4 b4 41. Rb5 Ra3 42. Rb7 Rxb3 43.
Rxd7 Kg6 44. h5+ Kh7 45. g4 Rb1 46. Rb7 Re1+ 47. Kd3 Rd1+ 48. Ke2 Rxd4 49. Rb8 e5 50. Rb7 Nf4+ 51. Ke3 Rc4 52. Rb6 Nd5+ 53. Kd3 Rd4+ 0-1

[Event "*** Titled Tuesday Blitz"]
[Site "Chess.com"]
[Date "2020.02.04"]
[Round "3"]
[White "Megagigahiper3345"]
[Black "Zq1"]
[Result "0-1"]
[WhiteElo "2318"]
[BlackElo "2544"]
[TimeControl "180+2"]
[EndTime "13:40:02 PST"]
[Termination "Zq1 won by resignation"]

1. d4 Nf6 2. c4 a6 3. g3 c5 4. d5 b5 5. Bg2 d6 6. a4 b4 7. b3 g6 8. Bb2 Bg7 9. Nd2 O-O 10. Ngf3 Ra7 11. O-O e6 12. e4 exd5 13. cxd5 a5 14. Re1 Ba6 15. Bf1 Bxf1 16. Rxf1 Re8 17. Re1 Nbd7 18.
Qc2 Ng4 19. h3 Bxb2 20. Qxb2 Nge5 21. Nxe5 Nxe5 22. Qc2 Qf6 23. Kg2 Rc7 24. Rac1 c4 25. bxc4 Rec8 26. Qb3 Nd7 27. Qe3 Nc5 28. f4 Re7 29. e5 Qf5 30. g4 Qd7 31. Nf3 b3 32. f5 f6 33. e6 Qxa4 34. h4 Rg7 35. fxg6 Rxg6 36. h5 Rg7 37. h6 Rg6 38. Nh4 Rg5 39. Nf3 Rxg4+ 40. Kh3 Rg6 41. Rg1 b2 42. Rxg6+ hxg6 43. Rg1 Kh7 44. Nh4 Qb3 45. Qxb3 Nxb3 46. Rb1 Rxc4 47.
Rxb2 a4 48. Re2 Rc8 49. Nf3 Kxh6 50. Ra2 Ra8 51. Kg4 a3 52. e7 Nc5 53. Rxa3 Re8 54. Re3 Kg7 55. Nd4 Kf7 56. Nc6 Nd7 57. Re6 Ne5+ 58. Kf4 Nxc6 59. dxc6 Kxe6 0-1

[Event "*** Titled Tuesday Blitz"]
[Site "Chess.com"]
[Date "2020.02.04"]
[Round "3"]
[White "cukus"]
[Black "MikaelyanArman"]
[Result "0-1"]
[WhiteElo "2486"]
[BlackElo "2751"]
[TimeControl "180+2"]
[EndTime "13:40:05 PST"]
[Termination "MikaelyanArman won by resignation"]

1. e4 e5 2. Nf3 Nc6 3. Bb5 a6 4. Ba4 f5 5. d3 fxe4 6. dxe4 Nf6 7. Bb3 Bb4+ 8. c3 Bc5 9. O-O d6 10. a4 Bg4 11. h3 Bh5 12. Nbd2 Qd7 13. Re1 h6 14. Nf1 a5 15. Ng3 Bf7 16. Nf5 O-O 17. N3h4 Bxb3 18. Qxb3+ Kh7 19. Be3 g6 20. Bxc5 gxf5 21.
Nxf5 dxc5 22. Rad1 Qf7 23. Qxb7 Ne7 24. Qxc7 Nxf5 25.
Qxf7+ Rxf7 26. exf5 e4 27. g4 Rb8 28. Re2 Kg7 29.
Kg2 Rfb7 30. Rdd2 Kf7 31. Kg3 Rd7 32. Rxd7+ Nxd7 33. Kf4 Nf6 34. h4 Re8 35. Rd2 e3 36. fxe3 Re4+ 37. Kf3 Rxg4 38. Rd6 Rxa4 39. Rc6 Ne4 40.
Rxh6 Nf6 41. Rh8 Ra1 42. Rc8 Rf1+ 43. Ke2 Rxf5 44. c4 Ne4 45. Kd3 Nf2+ 46. Ke2 Ng4 47. Ra8 Ke6 48. Rxa5 Rf2+ 49. Kd3 Ne5+ 50. Kc3 Kd6 51.
b4 cxb4+ 52. Kxb4 Nc6+ 53. Kb5 Rf5+ 54. Kb6 Nxa5 55. e4 Nxc4+ 0-1

[Event "*** Titled Tuesday Blitz"]
[Site "Chess.com"]
[Date "2020.02.04"]
[Round "3"]
[White "arminmusovic"]
[Black "saraswathii"]
[Result "1/2-1/2"]
[WhiteElo "2527"]
[BlackElo "2196"]
[TimeControl "180+2"]
[EndTime "13:40:05 PST"]
[Termination "Game drawn by repetition"]

1. e4 c5 2. c3 Nf6 3. e5 Nd5 4.
d4 cxd4 5. Nf3 Nc6 6. Bc4 Nb6 7. Bb3 dxc3 8. Nxc3 d6 9. O-O dxe5 10. Qxd8+ Nxd8 11. Nb5 Rb8 12. Nxe5 e6 13. Be3 Nc6 14. Nc7+ Ke7 15.
Na6 Ra8 16. Nxc6+ bxc6 17. Nb4 Bb7 18. Rac1 Rc8 19. a4 Kf6 20. Nd3 Bd6 21. a5 Nd5 22. Bxa7 Ra8 23. Bxd5 cxd5 24. Bb6 Ba6 25. Rfd1 Bxd3 26.
Rxd3 Bb4 27. Rf3+ Kg6 28. Ra1 Rhb8 29. Rg3+ Kf6 30. Bc7 Rb7 31. Rf3+ Ke7 32. Be5 f6 33. Bc3 Bxc3 34. Rxc3 Kd6 35. Rc2 Rb5 36. b4 Rxb4 37.
h3 e5 38. f3 f5 39. Kh2 e4 40. Kg3 e3 41. Ra3 d4 42. a6 g5 43. h4 gxh4+ 44. Kh3 Rb1 45. Kxh4 h6 46. Kg3 Ke5 47. Ra5+ Kf6 48.
Kf4 Rb6 49. Rxf5+ Kg6 50. Rd5 Rb4 51. Rc6+ Kg7 52. Rd7+ Kg8 53. Rg6+ Kf8 54. Rxh6 Kg8 55. Rg6+ Kh8 56. Rh6+ Kg8 57. Rg6+ Kh8 58. Rh6+ Kg8 1/2-1/2

[Event "*** Titled Tuesday Blitz"]
[Site "Chess.com"]
[Date "2020.02.04"]
[Round "3"]
[White "Konavets"]
[Black "CaptainCasanova"]
[Result "1-0"]
[WhiteElo "3010"]
[BlackElo "2711"]
[TimeControl "180+2"]
[EndTime "13:40:12 PST"]
[Termination "Konavets won by resignation"]

1. d4 d5 2. Nf3 Nf6 3. c4 c6 4. e3 Bg4 5. Nc3 e6 6. h3 Bh5 7. Qb3 Qb6 8. Ne5 Nbd7 9. g4 Bg6 10. Nxg6 hxg6 11. Bg2 Be7 12. Bd2 Qxb3 13. axb3 a6 14. Ke2 g5 15. c5 e5 16. b4 Rc8 17.
Kd3 Nh7 18. Rae1 Nhf8 19. e4 exd4 20. Nxd5 cxd5 21. exd5 Ng6 22. d6 Nde5+ 23. Kxd4 Bf6 24. Bxb7 Rb8 25. c6 Kf8 26. Kd5 Nxc6 27. Bxc6 Bxb2 28. Bxg5 f6 29. Bd2 Be5 30. Re4 Kf7 31. f4 Bxd6 32. Kxd6 Rhd8+ 33. Kc7 Rdc8+ 34. Kd6 Rd8+ 35. Kc5 Rxd2 36.
Ra1 Rc2+ 37. Rc4 Rxc4+ 38. Kxc4 Nxf4 39. Rxa6 Nxh3 40. b5 Nf2 41. Bd5+ Kg6 42. b6 Nxg4 43. Be4+ Kg5 44. b7 Ne5+ 45. Kd4 Kf4 46. Ra8 Nd7 47.
Bc6 g5 48. Ra4 g4 49. Kd5+ Kg5 50. Kd6 Ne5 51. Bd5 g3 52. Ra8 Rxb7 53. Bxb7 Kf4 54. Ra4+ Ke3 55. Ra3+ Kf2 56. Ra2+ Ke3 57. Ke6 Nd3 58.
Kxf6 Nf2 59. Kf5 Nd3 60. Ra3 1-0

[Event "*** Titled Tuesday Blitz"]
[Site "Chess.com"]
[Date "2020.02.04"]
[Round "3"]
[White "Shtembuliak"]
[Black "RitvarsReimanis"]
[Result "1-0"]
[WhiteElo "2807"]
[BlackElo "2568"]
[TimeControl "180+2"]
[EndTime "13:40:16 PST"]
[Termination "Shtembuliak won by resignation"]

1. d4 Nf6 2. c4 e6 3. Nf3 d5 4. Nc3 Be7 5. cxd5 exd5 6. Bg5 Nbd7 7. e3 c6 8. Bd3 O-O 9. Qc2 Re8 10. O-O Nf8 11. h3 Ng6 12. Rae1 Ne4 13. Bxe7 Qxe7 14. Bxe4 dxe4 15. Nd2 f5 16. f3 exf3 17. Nxf3 Bd7 18. Kh1 Rab8 19. e4 f4 20. e5 Be6 21. Ne4 Bf5 22.
Qb3+ Be6 23. Qc2 Bf5 24. Qb3+ Be6 25. Qa4 b5 26. Qc2 Rb6 27. Nd6 Rf8 28. Nd2 Qh4 29. Nf3 Qh5 30. Kg1 Nh4 31. Nxh4 Qxh4 32. b3 f3 33. Qf2 Qxf2+ 34. Rxf2 fxg2 35. Rxf8+ Kxf8 36. Kxg2 Ke7 37. Kg3 Ra6 38. Re2 Ra3 39. Ne4 a5 40.
Nc5 a4 41. h4 axb3 42. axb3 Bxb3 43. Re3 Ra4 44. Nxb3 Rc4 45. h5 Ke6 46. Kf3 Kd5 47. Ke2 Ke6 48. Kd3 Rb4 49. Kc2 Rc4+ 50. Rc3 Rxc3+ 51.
Kxc3 g6 52. h6 g5 53. Nc5+ Ke7 54. Kd3 Kf7 55. Ke4 Kg6 56. e6 Kf6 57. Kf3 b4 58.
Kg4 b3 59. Nxb3 Kxe6 60. Kxg5 Kd5 61. Kf6 Kc4 62. Na5+ Kxd4 63. Nxc6+ Kd5 64. Ne5 Kd6 65. Nf7+ Kd7 66. Kg7 Ke8 67. Ng5 1-0